 Dungeon Crawl Stone Soup version 0.29.1-13-g9f3cf754e1 (webtiles) character file.

Game seed: 4790768240766767268

10 adizb the Caller (level 2, 0/19 HPs)
             Began as a Demonspawn Summoner on Jan 26, 2023.
             Slain by a gnoll
             ... wielding a +0 club
              (8 damage)
             ... on level 1 of the Dungeon.
             The game lasted 00:02:55 (265 turns).

adizb the Caller (Demonspawn Summoner)               Turns: 265, Time: 00:02:56

Health: 0/19       AC:  3    Str:  8    XL:     2   Next: 10%
Magic:  4/5        EV: 11    Int: 16    God:
Gold:   29         SH:  4    Dex: 13    Spells: 4/5 levels left

rFire   . . .      SeeInvis .   g - +0 club
rCold   . . .      Faith    .   (no shield)
rNeg    . . .      Spirit   .   c - +0 leather armour
rPois   .          Reflect  .   (no helmet)
rElec   .          Harm     .   (no cloak)
rCorr   .          Rampage  .   (no gloves)
Will    .....                   (no boots)
Stlth   ++........              (no amulet)
HPRegen 0.06/turn               (no ring)
MPRegen 0.09/turn               (no ring)

@: no status effects
A: condensation shield
a: no special abilities


You were on level 1 of the Dungeon.
You visited 1 branch of the dungeon, and saw 1 of its levels.

You collected 29 gold pieces.

Inventory:

Hand Weapons
 d - a +0 dagger
 e - a +0 sling
 g - a +0 club (weapon)
Armour
 a - a +0 robe
 c - a +0 leather armour (worn)
Potions
 b - a potion of magic
 f - a potion of curing {unknown}


   Skills:
 + Level 0.3 Fighting
 - Level 1.7 Dodging
 - Level 1.7 Stealth
 + Level 2.2 Spellcasting
 * Level 4.3 Summonings


You had 4 spell levels left.
You knew the following spells:

 Your Spells              Type           Power      Damage    Failure   Level
a - Summon Small Mammal   Summ           60%        N/A       4%          1

Your spell library contained the following spells:

 Spells                   Type           Power      Damage    Failure   Level
 Call Imp                 Summ           15%        N/A       8%          2
 Call Canine Familiar     Summ           15%        N/A       16%         3
 Summon Guardian Golem    Hex/Summ       8%         N/A       36%         3
 Summon Lightning Spire   Summ/Air       8%         N/A       77%         4


Dungeon Overview and Level Annotations

Branches:
Dungeon (1/15)

Altars:


Innate Abilities, Weirdness & Mutations

A meltable shield of frost defends you. (SH +4)


Message History

Your demonic ancestry asserts itself...
Frost condenses into a shield before you.
Things that are here:
a +0 club; a goblin corpse
g - a +0 club
g - a +0 club (weapon)
You now have 29 gold pieces (gained 18).
Your bat disappears in a puff of smoke!
Found a stone staircase leading down.
There is a stone staircase leading down here.
The gnoll shouts!
An endoplasm comes into view.
Casting: Summon Small Mammal (safe; 4% risk of failure)
Press: ? - help, Q - select action Dir - look around, f - activate Your bat hits the endoplasm but does no damage.
Your bat hits the endoplasm. You hit the endoplasm.
The endoplasm is moderately wounded.
Your bat hits the endoplasm. The endoplasm barely misses you.
You hit the endoplasm.
The endoplasm is heavily wounded.
Your bat hits the endoplasm but does no damage.
The endoplasm freezes you.
You are frozen.
You hit the endoplasm but do no damage.
The endoplasm is heavily wounded.
Your bat hits the endoplasm but does no damage.
The endoplasm misses you.
You hit the endoplasm but do no damage.
The endoplasm is heavily wounded.
Your bat hits the endoplasm. The endoplasm hits you. The endoplasm misses you.
You hit the endoplasm.
You kill the endoplasm!
The gnoll closely misses your bat.
Your bat closely misses the gnoll.
Your bat hits the gnoll but does no damage.
Casting: Summon Small Mammal (safe; 4% risk of failure)
Press: ? - help, Q - select action Dir - look around, f - activate Your bat barely misses the gnoll.
The gnoll hits you with a +0 club.
You closely miss the gnoll. The gnoll hits you with a +0 club!
You die...

###########.#.##.#######..
#......##........#......##
#.####.##.# . #..####.#
#.####.##.#.##. ##.####.#
#.#.......#.#.## ##...#.#
#.#..#.##.# ...###.##.#.#
#.#....##.# #...#..##.#.#
#......##g###.##.#......#
###.##.##@b......###...###
#.>............# #.#...#
####.###r......# #...#.#
#.# #.......#######.#
###.# #.......##......#
####.).###)†.....##.######
#...............>##.#
#.##.##.#####.#####.#
#.##.##.#.....# #.#


You could see a gnoll (ally target), a friendly quokka (summoned) and a friendly
bat (summoned).

Vanquished Creatures
  An endoplasm (D:1)
  3 goblins (D:1)
4 creatures vanquished.

Vanquished Creatures (collateral kills)
  A goblin (D:1)
  2 hobgoblins (D:1)
  A rat (D:1)
4 creatures vanquished.

Grand Total: 8 creatures vanquished

Notes
Turn   | Place    | Note
-------+----------+-------------------------------------------
     0 | D:1      | adizb the Demonspawn Summoner began the quest for the Orb.
     0 | D:1      | Reached XP level 1. HP: 13/13 MP: 3/3
   208 | D:1      | Gained mutation: A meltable shield of frost defends you.
                  | (SH +4) [demonic ancestry]
   208 | D:1      | Reached XP level 2. HP: 13/19 MP: 3/5
   265 | D:1      | Slain by a gnoll

Illustrated notes

Levels and vault maps discovered:
D:1:      giann_wishing_wells, layout_loops_cross, serial_shops, shop

Action                   || total
-------------------------++-------
Melee: Dagger            ||     7
       Club              ||     6
 Cast: Summon Small Mamm ||     7
Armor: Leather armour    ||     1
Dodge: Dodged            ||     6
